AoeStats
← melkillcam

Yucatan

510601278Analyzed
3v3 RM · 2d ago on Oct 1, 2026· 53m 50s· 6 players
Game mode
Random Map
Map size
Normal (6 player)
Population
200
Speed
Normal
Resources
Standard
Victory
Conquest
Starting age
Dark Age
Ending age
Imperial Age
RankedLock teamsTeams togetherTeam positionsShared explorationLock speedFull tech treeHidden civsTurbo modeCheats
Victory
Defeat
🇦🇹 Persians · Austria
1254
+14
🇦🇹 Mongols · Austria
1238
+15
🇦🇹 Spanish · Austria
1233
+15
🇫🇷 Berbers · France
1237
-15
🇫🇷 Saxons · France
1220
-15
🇫🇷 Persians · France
1198
-14
HeN.Chiron
10:44 Feudal Age
12:03 Double-Bit Axe
12:00 Horse Collar
14:48 Castle Age
13:24 Loom
16:23 Pikeman
22:17 Bow Saw
25:59 Heavy Plow
26:04 Fletching
33:18 Ballistics
34:07 Squires
33:53 Arson
39:47 Imperial Age
38:47 Gold Mining
39:43 Wheelbarrow
39:33 Forging
39:23 Scale Mail Armor
39:43 Bodkin Arrow
39:53 Gambesons
40:58 Elite Varangian Guard
44:21 Chain Mail Armor
46:28 Bracer
45:59 Shield Wall
47:55 Plate Mail Armor
48:00 Iron Casting
48:25 Hand Cart
51:17 Conscription
51:35 Hoardings
51:18 Capped Ram
melkillcam
8:04 Loom
10:50 Feudal Age
11:22 Double-Bit Axe
18:10 Castle Age
16:10 Horse Collar
17:02 Town Watch
17:33 Bloodlines
18:17 Scale Barding Armor
25:21 Fletching
26:15 Pikeman
29:01 Forging
30:42 Wheelbarrow
31:25 Bow Saw
33:03 Hand Cart
32:58 Heavy Plow
35:49 Bodkin Arrow
37:26 Chain Barding Armor
42:45 Iron Casting
46:37 Elite Skirmisher
52:30 Imperial Age
Pierricles
8:14 Loom
10:44 Feudal Age
14:50 Castle Age
15:15 Double-Bit Axe
16:56 Bow Saw
18:39 Gold Mining
18:43 Stone Mining
22:09 Husbandry
22:30 Horse Collar
23:23 Heavy Plow
24:13 Fletching
24:35 Bloodlines
25:35 Wheelbarrow
24:47 Town Watch
25:40 Gold Mining
25:56 Padded Archer Armor
28:34 Bodkin Arrow
31:31 Leather Archer Armor
31:21 Scale Barding Armor
36:22 Imperial Age
34:44 Ballistics
34:27 Scale Mail Armor
34:50 Chain Barding Armor
36:34 Forging
37:56 Conscription
38:39 Chemistry
37:42 Bracer
37:04 Light Cavalry
38:43 Hand Cart
37:53 Heavy Camel Rider
37:59 Hussar
38:21 Elite Camel Archer
39:35 Ring Archer Armor
41:52 Iron Casting
45:18 Blast Furnace
Kravallo
7:06 Loom
9:39 Feudal Age
15:03 Wheelbarrow
15:38 Double-Bit Axe
17:44 Forging
21:09 Castle Age
19:12 Horse Collar
20:11 Bloodlines
21:02 Scale Barding Armor
22:11 Husbandry
25:24 Chain Barding Armor
27:14 Forging
33:59 Iron Casting
33:15 Fletching
38:59 Heavy Plow
39:37 Wheelbarrow
38:48 Town Watch
41:32 Bow Saw
43:58 Imperial Age
43:37 Cavalier
45:43 Plate Barding Armor
45:34 Gold Mining
47:04 Two-Man Saw
45:51 Savar
48:34 Blast Furnace
VooDooGoo
10:53 Feudal Age
12:52 Loom
15:22 Castle Age
15:21 Bloodlines
25:52 Padded Archer Armor
28:33 Fletching
31:42 Horse Collar
33:26 Ballistics
39:02 Gold Mining
42:52 Imperial Age
45:00 Chemistry
44:26 Bodkin Arrow
44:39 Scale Barding Armor
45:25 Supremacy
45:12 Murder Holes
45:39 Pikeman
46:20 Squires
46:40 Halberdier
47:31 Husbandry
49:42 Cavalier
53:03 Chain Barding Armor
54:27 Plate Barding Armor
54:04 Forging
Schlosstrunk
10:54 Loom
12:40 Feudal Age
17:15 Castle Age
15:02 Double-Bit Axe
14:59 Horse Collar
15:10 Gold Mining
18:23 Bow Saw
18:15 Heavy Plow
18:42 Fletching
20:00 Wheelbarrow
19:28 Bodkin Arrow
21:12 Stone Mining
21:45 Padded Archer Armor
29:01 Hand Cart
31:50 Imperial Age
30:10 Stone Shaft Mining
30:11 Ballistics
30:02 Masonry
31:22 Leather Archer Armor
31:48 Town Watch
32:51 Bracer
32:37 Elite Mangudai
34:04 Gold Shaft Mining
35:25 Coinage
37:01 Chemistry
38:21 Banking
39:07 Bloodlines
38:57 Husbandry
39:15 Town Patrol
40:02 Conscription
40:04 Drill
39:57 Capped Ram
41:28 Hoardings
41:54 Siege Ram
50:10 Scale Barding Armor
50:16 Forging
Connection lost

Rejoining the realm…

Still unreachable

The connection could not be restored.

Session expired

The server has moved on; the page needs a fresh start.